 Seeded DCSS version 0.30-a0-924-g0ad0bf95bc (webtiles) character file.

Game seed: 3125986916090331667 (custom seed)

28 Parcival the Covered (level 3, 33/33 HPs)
             Began as a Minotaur Fighter on Mar 22, 2023.
             Quit the game on level 1 of the Dungeon.
             The game lasted 00:02:20 (673 turns).

Parcival the Covered (Minotaur Fighter)              Turns: 673, Time: 00:02:21

Health: 33/33      AC:  7    Str: 28    XL:     3   Next: 0%
Magic:  2/2        EV:  9    Int:  5    God:
Gold:   43         SH:  4    Dex:  9    Spells: 2/2 levels left

rFire   . . .      SeeInvis .    e - +8 autumn katana {manifold assault}
rCold   . . .      Faith    .    c - +0 buckler
rNeg    . . .      Spirit   .    b - +0 scale mail
rPois   .          Reflect  .    (helmet restricted)
rElec   .          Rampage  .    (no cloak)
rCorr   .                        (no gloves)
Will    .....                    (no boots) Stlth
                                 (no amulet)
HPRegen 0.25/turn                g - +6 ring of strength
MPRegen 0.08/turn                (no ring)

@: no status effects
A: horns 2, retaliatory headbutt
a: no special abilities


You were on level 1 of the Dungeon.
You visited 1 branch of the dungeon, and saw 1 of its levels.

You collected 43 gold pieces.

Inventory:

Hand Weapons
 a - a +0 war axe
 e - the +8 autumn katana (weapon) {manifold assault}
   (You acquired it on level 1 of the Dungeon)

   Manifold Assault: It sometimes launches melee attacks against multiple
   visible enemies.
Armour
 b - a +0 scale mail (worn)
 c - a +0 buckler (worn)
Jewellery
 f - an amulet of magic regeneration
 g - a +6 ring of strength (left hand)
Scrolls
 i - a scroll of identify {unknown}
 j - a scroll of brand weapon {unknown}
Potions
 d - a potion of might
 h - a potion of heal wounds {unknown}


   Skills:
 + Level 4.0 Fighting
 + Level 1.2 Long Blades
 + Level 2.6 Axes
 + Level 4.1 Armour
 + Level 3.9 Shields


You had 2 spell levels left.
You didn't know any spells.
Your spell library was empty.

Dungeon Overview and Level Annotations

Branches:
Dungeon (1/15)

Altars:


Innate Abilities, Weirdness & Mutations

You have a pair of horns on your head.
You reflexively headbutt those who attack you in melee.


Message History

A bat comes into view.
Found a scroll labelled WET RICICU.
The bat hits you.
A bat is nearby!
You miss the bat. The bat hits you but does no damage.
A bat is nearby!
You block the bat's attack. The bat hits you but does no damage.
You miss the bat. The bat closely misses you.
You barely miss the bat. You headbutt the bat, but do no damage.
The bat hits you but does no damage. The bat barely misses you.
A bat is nearby!
The bat closely misses you. You furiously retaliate!
You headbutt the bat.
You kill the bat!
A goblin comes into view. It is wielding a +0 dagger.
A goblin comes into view. It is wielding a +0 club.
The goblin shouts!
You slash the goblin!
You kill the goblin!
The goblin closely misses you.
You see here a +0 dagger.
You slash the goblin!
You kill the goblin!
You have reached level 3!
Your experience leads to an increase in your attributes!
Increase (S)trength, (I)ntelligence, or (D)exterity?
You feel stronger. x2
You feel stronger.
g - a +6 ring of strength (left hand)
i - a scroll labelled KEMOTR BUCIU
j - a scroll labelled WET RICICU You see here a +0 robe.
Done exploring.
Done exploring.
There is a stone staircase leading down here.
Done exploring.
Done exploring.
Done exploring.
Done exploring.
Done exploring.
Are you sure you want to abandon this character and quit the game? (Confirm with "yes".)

.....# #.##~..P..~##.# #...
#.#.###### #.#~.P.8bP.~#.# ##.#
#.†......# ##.#~...♣...~#.## #.#
###.####.####..+.P..)..P.+..# #.#
###.##.........#~b..♣...~#..# #.#
...)##.......#.#~.Pb8.P.~#..# #..
...###....#....##~..P..~##..#####
..........>.....##~~.~~##......#
...###.#........@###+###....##.##
...# #.......####.....(.######...
#### #..)...## ###...### ####
####.### ###...#
########..#######.....#
#.....................#
#.######......##......# #.#
#......##...#.## #.#
####......###.####


There were no monsters in sight!

Vanquished Creatures
  A gnoll (D:1)
  3 endoplasms (D:1)
  A hobgoblin (D:1)
  3 kobolds (D:1)
  2 ball pythons (D:1)
  2 bats (D:1)
  5 goblins (D:1)
  2 rats (D:1)
19 creatures vanquished.

Notes
Turn   | Place    | Note
-------+----------+-------------------------------------------
     0 | D:1      | Parcival the Minotaur Fighter began the quest for the Orb.
     0 | D:1      | Reached XP level 1. HP: 19/19 MP: 0/0
    24 | D:1      | Identified a scroll of acquirement
    24 | D:1      | Acquired the +8 autumn katana {manifold assault}
    24 | D:1      | Found the +8 autumn katana {manifold assault}
   158 | D:1      | Reached XP level 2. HP: 27/27 MP: 1/1
   522 | D:1      | Reached skill level 1 in Long Blades
   562 | D:1      | Reached XP level 3. HP: 33/33 MP: 2/2
   673 | D:1      | Quit the game

Illustrated notes

Levels and vault maps discovered:
D:1:      amcnicky_arrival_single_pillar, layout_loops_cross,
          hangedman_glass_garden

Skill      XL: |  1  2 |
---------------+-------+-----
Armour         | 4 |  4.1
Fighting       | 4 |  4.0
Long Blades    | 1 |  1.2
Axes           | |  2.6
Shields        | |  3.9

Action                     || total
---------------------------++-------
  Melee: Katana            ||    25
         War axe           ||     2
         Headbutt          ||     4
    Use: Scroll            ||     1
 Armour: Scale mail        ||    10
  Dodge: Dodged            ||    10
  Block: Buckler           ||     7

Table legend: (Time is in decaauts)
 A = Elapsed time spent in this place.
 B = Non-inter-level travel time spent in this place.
 C = Inter-level travel time spent in this place.
 D = Time resting spent in this place.
 E = Time spent auto-exploring this place.
 F = Levels seen in this place.
 G = Mean time per level.
                   A        B        C        D        E       F      G
               +--------+--------+--------+--------+--------+-----+--------+
         Total |    679 |    661 |     18 |      0 |    499 |   1 |  679.0 |
       Dungeon |    679 |    661 |     18 |      0 |    499 |   1 |  679.0 |
               +--------+--------+--------+--------+--------+-----+--------+

Top non-repeatable levels by time:
     D:1: 679 daAuts
